 Dungeon Crawl Stone Soup version 0.28-a0-1182-g381e24db82 (webtiles) character file.

Game seed: 14482848914600996848

329 coolguy420 the Conjurer (level 6, -3/32 HPs)
             Began as a Deep Elf Conjurer on Dec 16, 2021.
             Was an Initiate of Gozag.
             Slain by an ogre (13 damage)
             ... on level 4 of the Dungeon.
             The game lasted 00:06:40 (3953 turns).

coolguy420 the Conjurer (Deep Elf Conjurer)         Turns: 3953, Time: 00:06:41

Health: -3/32      AC:  2    Str:  4    XL:     6   Next: 25%
Magic:  4/16       EV: 12    Int: 25    God:    Gozag
Gold:   394        SH:  0    Dex: 13    Spells: 13/16 levels left

rFire   . . .      SeeInvis .   j - +1 dagger (venom)
rCold   . . .      Faith    .   (no shield)
rNeg    . . .      Spirit   .   a - +0 robe
rPois   .          Reflect  .   (no helmet)
rElec   .          Harm     .   (no cloak)
rCorr   .          Rampage  .   (no gloves)
Will    .....                   (no boots)
Stlth   +++.......              (no amulet)
HPRegen 0.10/turn               (no ring)
MPRegen 0.15/turn               (no ring)

@: no status effects
A: no striking features
a: Renounce Religion, Potion Petition, Call Merchant, Bribe Branch


You were on level 4 of the Dungeon.
You worshipped Gozag.
Gozag was aware of your devotion.
You visited 1 branch of the dungeon, and saw 4 of its levels.

You collected 394 gold pieces.

Inventory:

Hand Weapons
 j - a +1 dagger of venom (weapon)
Armour
 a - a +0 robe (worn)
Jewellery
 g - an amulet of regeneration
 l - an amulet of the acrobat
Scrolls
 b - 5 scrolls of identify {unknown}
 c - a scroll of amnesia {unknown}
 d - a scroll of torment {unknown}
 i - a scroll of acquirement {unknown}
 m - a scroll of blinking {unknown}
Potions
 e - 2 potions of heal wounds {unknown}
 f - a potion of flight {unknown}
 h - 2 potions of lignification {unknown}
 k - a potion of haste {unknown}


   Skills:
 + Level 0.8 Short Blades
 + Level 2.6 Dodging
 + Level 4.2 Stealth
 + Level 5.8 Spellcasting
 + Level 6.3 Conjurations


You had 13 spell levels left.
You knew the following spells:

 Your Spells              Type           Power      Damage    Failure   Level
a - Magic Dart            Conj           100%       1d8       1%          1
b - Searing Ray           Conj           76%        2d7       1%          2

Your spell library contained the following spells:

 Spells                   Type           Power      Damage    Failure   Level
 Dazzling Flash           Conj/Hex       46%        N/A       6%          3
 Corpse Rot               Necr/Air       14%        N/A       12%         2
 Poisonous Vapours        Pois/Air       14%        N/A       12%         2
 Sublimation of Blood     Necr           7%         N/A       12%         2
 Fulminant Prism          Conj/Hex       11%        3d9       21%         4
 Iskenderun's Mystic Bla  Conj/Tloc      23%        2d6       21%         4
 Irradiate                Conj/Tmut      11%        3d17      50%         5
 Petrify                  Tmut/Erth      7%         N/A       58%         4


Dungeon Overview and Level Annotations

Branches:
Dungeon (4/15)
 Temple: D:4-7

Altars:
Gozag

Shops:
D:1 *


Message History

The orc is almost dead.
The orc wizard is distracted by your dazzling golden aura.
The orc hits you with a +0 flail.
The magic dart hits the orc.
You kill the orc!
The orc wizard shouts!
The magic dart hits the orc wizard.
You kill the orc wizard!
An ogre comes into view. It is wielding a +0 giant club.
The magic dart hits the orc.
The orc is severely wounded.
The magic dart hits the phantom but does no damage.
The phantom is no longer distracted by gold.
The phantom is distracted by your dazzling golden aura.
The magic dart hits the orc.
You kill the orc!
The magic dart hits the ogre.
The ogre is lightly wounded.
The magic dart hits the ogre!
The ogre is moderately wounded.
The phantom is no longer distracted by gold.
Casting: Magic Dart (safe; 1% risk of failure)
Confirm with . or Enter, or press ? or * to list all spells.
Aiming: Searing Ray (safe; 1% risk of failure)
Press: ? - help, Shift-Dir - straight line, f/p - ogre
Aim: an ogre, wielding a +0 giant club (moderately wounded, 91% to hit)
The searing ray hits the ogre.
The ogre is heavily wounded.
The searing ray hits the phantom.
The phantom is lightly damaged. (Press . to maintain the ray.)
The ogre barely misses you.
There is an open door here.
The ogre hits you with a +0 giant club!
* * * LOW HITPOINT WARNING * * *
An ogre comes into view. It is wielding a +0 giant club.
The ogre shouts!
The ogre hits you with a +0 giant club!
You die...
Your body crumbles into a pile of gold.

#....#
......
#.....#
#.....###
#......
#....# #+
#..<##
##O##
###..#
#.#@#
##..# $
#.##
#...# #O#
#...# +.+
#..##


+W+ #.### #.# #.#.## ##.## ##...# #.#.# #...## ##.## #...### You could see a
phantom and 2 ogres.

Vanquished Creatures
  A scorpion (D:2)
  A jelly (D:4)
  2 orc priests (D:4)
  2 orc wizards (D:4)
  5 adders
  3 worms (D:2)
  A dart slug (D:1)
  6 orcs (D:4)
  3 bats
  An endoplasm (D:3)
  6 goblins
  7 hobgoblins
  8 jackals
  4 quokkas
  2 ball pythons (D:3)
  2 frilled lizards (D:2)
  9 kobolds
  7 rats
70 creatures vanquished.

Vanquished Creatures (others)
  25 plants (D:2)
25 creatures vanquished.

Grand Total: 95 creatures vanquished

Notes
Turn   | Place    | Note
-------+----------+-------------------------------------------
     0 | D:1      | coolguy420 the Deep Elf Conjurer began the quest for the
                  | Orb.
     0 | D:1      | Reached XP level 1. HP: 10/10 MP: 6/6
   329 | D:1      | Found a faded altar of an unknown god.
   334 | D:1      | Reached XP level 2. HP: 15/15 MP: 2/8
   404 | D:1      | Noticed an eye of devastation
   405 | D:1      | Noticed a golden eye
   411 | D:1      | Noticed a shining eye
   420 | D:1      | Noticed an eye of devastation
   422 | D:1      | You fall into a shaft and drop 1 floor!
   620 | D:2      | Reached skill level 5 in Conjurations
   770 | D:1      | Reached XP level 3. HP: 19/19 MP: 7/9
   802 | D:1      | Prayed at the altar of an unknown god.
   802 | D:1      | Became a worshipper of Gozag Ym Sagoz the Greedy
  1389 | D:1      | Found Gumaiq's Assorted Antiques.
  2144 | D:2      | Reached XP level 4. HP: 24/24 MP: 8/12
  2192 | D:2      | Learned a level 2 spell: Searing Ray
  2253 | D:2      | Noticed a scorpion
  2260 | D:2      | Killed a scorpion
  2261 | D:2      | Reached XP level 5. HP: 28/28 MP: 4/13
  3056 | D:3      | Reached skill level 6 in Conjurations
  3537 | D:4      | Reached skill level 5 in Spellcasting
  3814 | D:4      | Reached XP level 6. HP: 32/32 MP: 5/16
  3953 | D:4      | Slain by an ogre

Illustrated notes

Levels and vault maps discovered:
D:1:      dpeg_arrival_shrine, layout_basic,
          hellmonk_ecumenical_altar_watching_god, serial_shops, shop
D:2:      layout_loops_ring, serial_bayou_lake_a
D:3:      layout_basic, hangedman_glass_teeth
D:4:      layout_cave_pools, grunt_temple_overflow_open, wad_orctagon,
          uniq_duvessa, uniq_pikel

Skill      XL: |  1  2  3  4  5 |
---------------+----------------+-----
Conjurations   | 5 6 |  6.3
Spellcasting   | 4 5 |  5.8
Stealth        | 4 |  4.2
Short Blades   | |  0.8
Dodging        | |  2.6

Action                   |  1- 3 |  4- 6 || total
-------------------------+-------+-------++-------
Melee: Unarmed           |    12 |       ||    12
       Dagger            |     5 |       ||     5
 Cast: Magic Dart        |   115 |    77 ||   192
       Searing Ray       |       |     2 ||     2
Armor: Robe              |     1 |     3 ||     4
Dodge: Dodged            |    11 |     3 ||    14

Table legend: (Time is in decaauts)
 A = Elapsed time spent in this place.
 B = Non-inter-level travel time spent in this place.
 C = Inter-level travel time spent in this place.
 D = Time resting spent in this place.
 E = Time spent auto-exploring this place.
 F = Levels seen in this place.
 G = Mean time per level.
                   A        B        C        D        E       F      G
               +--------+--------+--------+--------+--------+-----+--------+
         Total |   4009 |   3800 |    209 |      0 |   3228 |   4 | 1002.2 |
       Dungeon |   4009 |   3800 |    209 |      0 |   3228 |   4 | 1002.2 |
               +--------+--------+--------+--------+--------+-----+--------+

Top non-repeatable levels by time:
     D:2: 1566 daAuts
     D:1: 1182 daAuts
     D:3: 831 daAuts
     D:4: 429 daAuts
